 Dungeon Crawl Stone Soup version 0.22.1-6-g1668fe2c40 (webtiles) character file.

2281 Riddle the Covert (level 9, -3/39 HPs)
             Began as a Spriggan Venom Mage on Jan 17, 2019.
             Was a Priest of Nemelex Xobeh.
             Killed from afar by a manticore (18 damage)
             ... with a volley of spikes
             ... on level 9 of the Dungeon.
             The game lasted 00:23:36 (9759 turns).

Riddle the Covert (Spriggan Venom Mage)             Turns: 9759, Time: 00:23:37

Health: -3/39      AC:  5    Str:  4    XL:     9   Next: 16%
Magic:  8/18       EV: 18    Int: 19    God:    Nemelex Xobeh [***...]
Gold:   240        SH:  0    Dex: 17    Spells: 10/18 levels left

rFire    + . .     SeeInvis +   a - +4 hunting sling (velocity)
rCold    + . .     Gourm    .   (shield restricted)
rNeg     . . .     Faith    .   u - +2 robe {rC+}
rPois    .         Spirit   .   (helmet restricted)
rElec    .         Reflect  .   k - +0 cloak
rCorr    .         Harm     .   (gloves unavailable)
MR       ++...                  (boots unavailable)
Stlth    ++++......             (no amulet)
HPRegen  0.13/turn              d - ring of protection from magic
MPRegen  0.16/turn              A - ring of protection from fire

@: barbed spikes, very quick
A: very small, unfitting armour, see invisible, herbivore, speed 3, slow
metabolism 2
a: Triple Draw, Renounce Religion


You were on level 9 of the Dungeon.
You worshipped Nemelex Xobeh.
Nemelex Xobeh was most pleased with you.
You were very full.

You visited 1 branch of the dungeon, and saw 9 of its levels.

You collected 240 gold pieces.

Inventory:

Hand Weapons
 a - a +4 hunting sling of velocity (weapon)
 b - a +0 lajatang
Missiles
 s - 46 stones (quivered)
Armour
 k - a +0 cloak (worn)
 u - a +2 robe of cold resistance (worn)
Jewellery
 d - a ring of protection from magic (left hand)
 A - a ring of protection from fire (right hand)
Wands
 h - a wand of digging (17)
 o - a wand of polymorph (11)
 v - a wand of flame (31)
 z - a wand of clouds (5)
Scrolls
 g - 3 scrolls of fear
 i - 9 scrolls of identify
 l - 2 scrolls of teleportation
 p - a scroll of fog
 y - a scroll of magic mapping
Potions
 f - 2 potions of curing
 j - a potion of mutation {unknown}
 n - 2 potions of brilliance {unknown}
 q - a potion of flight {unknown}
 t - 4 potions of agility {unknown}
 x - a potion of ambrosia {unknown}
 B - a potion of heal wounds {unknown}
Miscellaneous
 e - a plain deck of destruction
 m - a plain deck of destruction
 r - a plain deck of summoning
 C - a plain deck of destruction
Comestibles
 c - 5 rations


   Skills:
 - Level 3.0 Dodging
 + Level 9.8 Stealth
 + Level 5.3 Spellcasting
 + Level 4.4 Conjurations
 - Level 3.0 Air Magic
 + Level 5.2 Poison Magic
 + Level 7.1 Evocations


You had 10 spell levels left.
You knew the following spells:

 Your Spells              Type           Power        Failure   Level  Hunger
a - Sting                 Conj/Pois      ###.         1%          1    None
b - Poisonous Vapours     Pois/Air       ###...       3%          2    None
c - Venom Bolt            Conj/Pois      ###.......   41%         5    #####..

Your spell library contained the following spells:

 Spells                   Type           Power        Failure   Level  Hunger
 Magic Dart               Conj           ###.         1%          1    None
 Searing Ray              Conj           ###...       3%          2    None
 Mephitic Cloud           Conj/Pois/Air  ###.....     6%          3    ##.....
 Dazzling Spray           Conj/Hex       ##....       14%         3    ##.....
 Olgreb's Toxic Radiance  Pois           ####....     14%         4    ####...
 Iskenderun's Mystic Bla  Conj           ###.....     19%         4    ####...
 Force Lance              Conj/Tloc      ##......     43%         4    ####...
 Fulminant Prism          Conj/Hex       ##........   43%         4    ####...


Dungeon Overview and Level Annotations

Branches:
Dungeon (9/15)             Temple (0/1) D:7            Lair (0/6) D:8
    Orc: D:9-12

Altars:
Gozag
Nemelex Xobeh
Qazlal
Ru
Sif Muna
Trog
Vehumet
The Shining One

Annotations:
D:5 2 transporters, tensugalgo's ghost, novice DsSk
D:7 exclusion: statue


Innate Abilities, Weirdness & Mutations

You are very small and have problems with some larger weapons.
You are too small for most types of armour.
You have supernaturally acute eyesight. (SInv)
You are a herbivore.
You cover ground extremely quickly.
You need to consume almost no food.


Message History

A big kobold comes into view. It is wielding a short sword.
The manticore is engulfed in poison gas.
The manticore looks as sick as possible!
The manticore flicks its tail.
The volley of spikes misses you.
Casting: Poisonous Vapours (safe; 3% risk of failure)
Confirm with . or Enter, or press ? or * to list all spells.
Aiming: Poisonous Vapours (safe; 3% risk of failure)
Press: ? - help, Dir - move target cursor, f/p - manticore
Aim: a manticore (moderately wounded, poisoned) Poisonous vapours surround the manticore!
The killer bee buzzes angrily.
You hear an angry buzzing noise.
A sky beast comes into view.
The manticore is engulfed in poison gas.
The manticore looks as sick as possible!
The manticore flicks its tail.
The volley of spikes hits you!
The barbed spikes become lodged in your body.
You die...
Your body glows with a rainbow of weird colours and disappears.

#.##.## #.# ..#..Y..
.. #.###.##... #.#
#######...#..#.a.
..#
............"##H##..
....#####.....#.#.!
##### #.....#.#.##
#..##..#...#
#..###.#@# #..#
#...# #..# #..######
#..# #........
#?####### #y# ...
####


You could see a manticore, a sky beast, a worker ant and a killer bee.

Vanquished Creatures
  An orc warrior (D:8)
  2 sky beasts
  A phantom (D:9)
  3 black bears
  2 ice beasts
  A necrophage (D:7)
  An ogre (D:8)
  2 centaurs
  A big kobold (D:8)
  A bullfrog (D:7)
  2 scorpions
  5 hounds
  2 bullfrog skeletons
  4 orc priests
  4 orc wizards
  2 centaur skeletons
  An iguana (D:5)
  5 worker ants
  A hound skeleton (D:7)
  A hound zombie (D:5)
  2 howler monkey skeletons
  5 gnolls
  9 adders
  A shadow imp (D:7)
  An ooze (D:5)
  An adder zombie (D:8)
  A worm (D:3)
  4 dart slugs
  4 leopard geckos
  12 orcs
  3 giant cockroaches
  2 goblins (D:1)
  8 jackals
  6 kobolds
  2 quokkas
  A ball python skeleton (D:5)
  2 bats
  4 frilled lizards
  A giant cockroach zombie (D:5)
  A quokka zombie (D:5)
  6 rats
118 creatures vanquished.

Notes
Turn   | Place    | Note
-------+----------+-------------------------------------------
     0 | D:1      | Riddle the Spriggan Venom Mage began the quest for the Orb.
     0 | D:1      | Reached XP level 1. HP: 9/9 MP: 5/5
   444 | D:1      | Reached skill level 1 in Conjurations
   444 | D:1      | Reached XP level 2. HP: 13/13 MP: 4/7
   448 | D:1      | Learned a level 2 spell: Poisonous Vapours
  1035 | D:2      | Reached XP level 3. HP: 16/16 MP: 1/8
  1320 | D:1      | Reached skill level 4 in Stealth
  1701 | D:4      | Found a sparkling altar of Nemelex Xobeh.
  1707 | D:4      | Became a worshipper of Nemelex Xobeh the Trickster
  1801 | D:4      | Found an opulent altar of Gozag.
  1818 | D:4      | Received a gift from Nemelex Xobeh
  1855 | D:5      | Entered Level 5 of the Dungeon
  1855 | D:5      | Noticed tensugalgo's ghost (novice DsSk)
  1862 | D:5      | Found a stormy altar of Qazlal.
  1865 | D:5      | Noticed an ogre
  1927 | D:5      | Noticed a black bear
  1946 | D:5      | Found a transporter.
  1952 | D:5      | Found a transporter.
  1966 | D:5      | Killed a black bear
  1966 | D:5      | Reached skill level 1 in Evocations
  1966 | D:5      | Reached XP level 4. HP: 21/21 MP: 0/10
  1966 | D:5      | Reached XP level 5. HP: 24/24 MP: 0/11
  2112 | D:3      | Reached skill level 1 in Air Magic
  2411 | D:4      | Reached skill level 5 in Stealth
  2688 | D:4      | Reached XP level 6. HP: 28/28 MP: 7/13
  2871 | D:4      | Received a gift from Nemelex Xobeh
  2972 | D:5      | Found a sacrificial altar of Ru.
  2996 | D:5      | Reached * piety under Nemelex Xobeh
  3402 | D:6      | Found a deep blue altar of Sif Muna.
  4077 | D:8      | Noticed a sky beast
  4083 | D:8      | Noticed a warg
  4095 | D:8      | Killed a sky beast
  4095 | D:8      | Reached skill level 6 in Stealth
  4095 | D:8      | Reached XP level 7. HP: 32/32 MP: 4/15
  4137 | D:8      | Received a gift from Nemelex Xobeh
  4385 | D:7      | Found a radiant altar of Vehumet.
  4514 | D:7      | Reached skill level 5 in Spellcasting
  4857 | D:7      | Found a glowing golden altar of the Shining One.
  4862 | D:7      | Reached ** piety under Nemelex Xobeh
  6307 | D:8      | Reached skill level 5 in Poison Magic
  6307 | D:8      | Reached XP level 8. HP: 36/36 MP: 9/16
  6316 | D:8      | Reached skill level 7 in Stealth
  7024 | D:9      | Reached skill level 5 in Evocations
  7064 | D:9      | Reached skill level 8 in Stealth
  7218 | D:8      | Found a staircase to the Lair.
  7563 | D:7      | Found a staircase to the Ecumenical Temple.
  8823 | D:6      | Reached skill level 9 in Stealth
  8904 | D:6      | Received a gift from Nemelex Xobeh
  8999 | D:6      | Reached *** piety under Nemelex Xobeh
  9188 | D:8      | Learned a level 5 spell: Venom Bolt
  9217 | D:9      | Reached XP level 9. HP: 30/39 MP: 17/17
  9356 | D:9      | Found a bloodstained altar of Trog.
  9455 | D:9      | Noticed a wizard
  9754 | D:9      | Noticed a manticore
  9759 | D:9      | Killed from afar by a manticore

Skill      XL: |  1  2  3  4  5  6  7  8  9 |
---------------+----------------------------+-----
Spellcasting   | 3 4 5 |  5.3
Conjurations   | 1 2 4 |  4.4
Stealth        | 4 5 6 9 |  9.8
Evocations     | 1 2 3 4 6 7 |  7.1
Air Magic      | 1 2 3 |  3.0
Poison Magic   | 4 5 |  5.2
Dodging        | |  3.0

Action                   |  1- 3 |  4- 6 |  7- 9 || total
-------------------------+-------+-------+-------++-------
Melee: War axe           |       |    17 |    33 ||    50
       Lajatang          |       |       |     4 ||     4
 Fire: Hand crossbow     |       |    30 |       ||    30
       Hunting sling     |       |       |    91 ||    91
 Cast: Sting             |    27 |    14 |    44 ||    85
       Poisonous Vapours |    34 |    39 |   126 ||   199
  Use: Scroll            |       |     8 |     4 ||    12
  Eat: Ration            |     2 |       |     7 ||     9
Armor: Robe              |     1 |     6 |    20 ||    27
Dodge: Dodged            |     6 |    71 |   128 ||   205
